 Dungeon Crawl Stone Soup version 0.29.1-15-g9cfb28693d (webtiles) character file.

Game seed: 3953169604609465104

39 Heoruswealwe the Magician (level 3, 0/19 HPs)
             Began as a Deep Elf Earth Elementalist on Apr 12, 2023.
             Succumbed to a kobold's poison
             ... on level 2 of the Dungeon.
             The game lasted 00:08:44 (1070 turns).

Heoruswealwe the Magician (DEEE)                    Turns: 1070, Time: 00:08:45

Health: 0/19       AC:  2    Str:  5    XL:     3   Next: 26%
Magic:  9/10       EV: 12    Int: 27    God:
Gold:   38         SH:  0    Dex: 15    Spells: 7/10 levels left

rFire   . . .      SeeInvis .   (no weapon)
rCold   . . .      Faith    .   (no shield)
rNeg    . . .      Spirit   .   a - +0 robe
rPois   .          Reflect  .   (no helmet)
rElec   .          Harm     .   (no cloak)
rCorr   .          Rampage  .   (no gloves)
Will    .....                   (no boots)
Stlth   ++........              f - amulet of magic regeneration
HPRegen 0.06/turn               d - +6 ring of intelligence
MPRegen 0.52/turn               (no ring)

@: lethally poisoned (0 -> -3)
A: no striking features
a: no special abilities


You were on level 2 of the Dungeon.
You visited 1 branch of the dungeon, and saw 2 of its levels.

You collected 38 gold pieces.

Inventory:

Armour
 a - a +0 robe (worn)
Magical Staves
 j - a staff of air
Jewellery
 d - a +6 ring of intelligence (left hand)
 f - an amulet of magic regeneration (around neck)
 l - a ring of positive energy
Scrolls
 g - a scroll of noise {unknown}
 i - a scroll of blinking
 k - 2 scrolls of teleportation
 n - a scroll of magic mapping
 o - a scroll of vulnerability {unknown}
 p - a scroll of enchant weapon {unknown}
 r - 3 scrolls of immolation {unknown}
Potions
 b - a potion of magic
 c - 2 potions of curing {unknown}
 e - 2 potions of cancellation {unknown}
 h - a potion of brilliance {unknown}
 m - a potion of degeneration {unknown}
 q - a potion of experience {unknown}


   Skills:
 - Level 2.4 Dodging
 - Level 2.4 Stealth
 + Level 4.2 Spellcasting
 - Level 1.1 Transmutations
 + Level 4.1 Earth Magic


You had 7 spell levels left.
You knew the following spells:

 Your Spells              Type           Power      Damage    Failure   Level
a - Sandblast             Erth           56%        2d13      1%          1
z - Passwall              Tmut/Erth      15%        N/A       4%          2

Your spell library contained the following spells:

 Spells                   Type           Power      Damage    Failure   Level
 Stone Arrow              Conj/Erth      32%        3d9       10%         3
 Petrify                  Tmut/Erth      19%        N/A       26%         4


Dungeon Overview and Level Annotations

Branches:
Dungeon (2/15)

Altars:

Shops:
D:1 ((


Message History

A hobgoblin comes into view.
The blast of sand hits the kobold!
You kill the kobold!
You feel very sick.
You are too injured to fight recklessly!
You are too injured to fight recklessly!
Casting: Sandblast (safe; 1% risk of failure)
Confirm with . or Enter, or press ? or * to list all spells.
Aiming: Sandblast (safe; 1% risk of failure)
Press: ? - help, Shift-Dir - straight line, f - adder
Aim: an adder (72% to hit)
The blast of sand hits the adder!!
You kill the adder!
* * * LOW HITPOINT WARNING * * *
You feel very sick.
You have reached level 3!
Your experience leads to an increase in your attributes!
Your base attributes are Str 5, Int 19, Dex 15.
Increase (S)trength, (I)ntelligence, or (D)exterity?
You feel clever. x2
Casting: Sandblast (safe; 1% risk of failure)
Confirm with . or Enter, or press ? or * to list all spells.
You don't know that spell.
Casting: Sandblast (safe; 1% risk of failure)
Confirm with . or Enter, or press ? or * to list all spells.
Aiming: Sandblast (safe; 1% risk of failure)
Press: ? - help, Shift-Dir - straight line, f - hobgoblin
Aim: a hobgoblin (83% to hit)
The blast of sand hits the hobgoblin!
You kill the hobgoblin!
* * * LOW HITPOINT WARNING * * *
You feel sick.
* * * LOW HITPOINT WARNING * * *
You feel sick.
Things that are here:
a +2 dagger of venom; a kobold corpse
* * * LOW HITPOINT WARNING * * *
You feel sick.
Unknown command.
You die...

###############.# #
#.....# #
#.###.############ #
#..).......).# #
#..#########.# # #..###
#.# # ### ##....#
#####.###### #
.....##.#.#.###...........
#
#..†..).@......#.........
#
#.####.#.#.#####...######
### ##....# ##..# ..# #..
##....$ ...# #.#....
.....### ##.## #.##..
####### #.# #)##.. #.#
#.##.# #. #.##.#


There were no monsters in sight!

Vanquished Creatures
  An adder (D:2)
  3 ball pythons (D:1)
  2 endoplasms
  A giant cockroach (D:1)
  3 goblins (D:1)
  3 hobgoblins
  6 kobolds
  3 bats (D:1)
  A frilled lizard (D:2)
  3 rats
26 creatures vanquished.

Vanquished Creatures (others)
  9 plants (D:1)
9 creatures vanquished.

Grand Total: 35 creatures vanquished

Notes
Turn   | Place    | Note
-------+----------+-------------------------------------------
     0 | D:1      | Heoruswealwe the Deep Elf Earth Elementalist began the
                  | quest for the Orb.
     0 | D:1      | Reached XP level 1. HP: 10/10 MP: 6/6
   157 | D:1      | Reached XP level 2. HP: 15/15 MP: 6/8
   160 | D:1      | Learned a level 2 spell: Passwall
   240 | D:1      | Found Foaxt's Weapon Boutique.
   666 | D:1      | Found Lemisib's Weapon Shoppe.
  1067 | D:2      | Reached XP level 3. HP: 5/19 MP: 8/10
  1070 | D:2      | Succumbed to a kobold's poison

Illustrated notes

Levels and vault maps discovered:
D:1:      co_arrival_random_square_maze, layout_basic, serial_shops, shop,
          nicolae_shop_bloodbath_and_beyond, serial_forest,
          infiniplex_forest_straight_2, infiniplex_forest_clump_medium,
          infiniplex_forest_lined_corner, infiniplex_forest_lined_room_2,
          infiniplex_forest_lined_room_2, infiniplex_forest_straight_1
D:2:      layout_loops_ring, uniq_crazy_yiuf_cottage

Skill      XL: |  1  2 |
---------------+-------+-----
Spellcasting   | 4 |  4.2
Earth Magic    | 4 |  4.1
Dodging        | |  2.4
Stealth        | |  2.4
Transmutations | |  1.1

Action                   || total
-------------------------++-------
Melee: Unarmed           ||    45
 Cast: Sandblast         ||    34
       Passwall          ||     1
  Use: Scroll            ||     3
Dodge: Dodged            ||     2
